 Dungeon Crawl Stone Soup version bcrawl-1.27.6 (webtiles) character file.

Game seed: 16368067630613372151

248260 Faustar the Fighter (level 7, 0/103 HPs)
             Began as a Minotaur Abyssal Knight on Sept 8, 2020.
             Was a Believer of Lugonu.
             Slain by a quokka (4 damage)
             ... on level 4 of the Dungeon.
             The game lasted 00:04:14 (4039 turns).

Faustar the Fighter (Minotaur Abyssal Knight)       Turns: 4039, Time: 00:04:15

Health: 0/103      AC: -3    Str: 24    XL:     7   Next: 94%
Magic:  7/7        EV:  8    Int:  9    God:    Lugonu [**....]
Gold:   307        SH:  1    Dex:  9    Spells: 6/6 levels left

rFire    . . .     SeeInvis .   a - +1 falchion
rCold    . . .     Gourm    .   (no shield)
rNeg     . . .     Faith    .   n - +0 chain mail
rPois    .         Spirit   .   (helmet restricted)
rElec    +         Reflect  .   (no cloak)
rCorr    .         Harm     .   (no gloves)
MR       .....                  (no boots)
Stlth    ..........             (no amulet)
HPRegen  0.27/turn              x - ring of insulation
MPRegen  0.10/turn              (no ring)

@: berserking, corroded, very quick
A: retaliatory headbutt, horns 2
a: Depart the Abyss, Bend Space, Banish, Renounce Religion


You were on level 4 of the Dungeon.
You worshipped Lugonu.
Lugonu was pleased with you.
You were hungry.

You visited 1 branch of the dungeon, and saw 5 of its levels.
You visited the Abyss 1 time.

You collected 352 gold pieces.
You spent 45 gold pieces at shops.

Inventory:

Hand Weapons
 a - a +1 falchion (weapon)
Missiles
 c - 10 tomahawks of dispersal {=f}
 d - 892 stones (quivered)
Armour
 b - a +0 leather armour
 m - a +0 ring mail
 n - a +0 chain mail (worn)
 s - a +0 pair of gloves
 u - a +0 pair of gloves
Jewellery
 x - a ring of insulation (left hand)
 z - a +4 ring of evasion {unknown}
Wands
 t - a wand of enslavement (13)
Scrolls
 f - 2 scrolls of enchant armour {unknown}
 g - 10 scrolls of identify
 i - 8 scrolls of remove curse
 p - 2 scrolls of magic mapping {unknown}
 v - 2 scrolls of immolation {unknown}
 w - a scroll of fear {unknown}
 y - a scroll of noise {unknown}
 A - 3 scrolls of amnesia {unknown}
Potions
 j - a potion of lignification {unknown}
 k - a potion of resistance {unknown}
 l - a potion of heal wounds {unknown}
 o - a potion of mutation {unknown}
 q - 2 potions of magic {unknown}
 r - 2 potions of brilliance {unknown}
Comestibles
 e - 11 rations {!d}


   Skills:
 + Level 8.6 Fighting
 + Level 8.1 Long Blades
 - Level 1.0 Throwing
 - Level 2.4 Armour
 - Level 1.1 Dodging
 - Level 2.0 Invocations


You had 6 spell levels left.
You didn't know any spells.
Your spell library contained the following spells:

 Spells                   Type           Power        Failure   Level  Hunger
 Confuse                  Hex            #.......     100%        3    #####..
 Dazzling Orbs            Conj/Hex       #......      100%        3    #####..
 Petrify                  Tmut/Erth      #.........   100%        4    ######.
 Yara's Violent Unravell  Hex/Tmut       #.........   100%        4    ######.
 Metabolic Englaciation   Hex/Ice        #.........   100%        5    #######
 Mana Rupture             Conj/Hex       #.........   100%        7    #######


Dungeon Overview and Level Annotations

Branches:
Dungeon (5/12)
 Temple: D:4-7

Altars:
Ashenzari
Cheibriados
Okawaru
Vehumet
Yredelemnul

Shops:
D:5 ?


Innate Abilities, Weirdness & Mutations

You reflexively headbutt those who attack you in melee.
You have a pair of horns on your head.


Message History

There is a stone staircase leading up here.
The quokka bites you.
* * * LOW HITPOINT WARNING * * *
The leopard gecko bites you.
* * * LOW HITPOINT WARNING * * *
You climb upwards.
There is a stone staircase leading down here.
The quokka bites you.
* * * LOW HITPOINT WARNING * * *
The quokka bites you.
* * * LOW HITPOINT WARNING * * *
The quokka barely misses you. The quokka bites you.
* * * LOW HITPOINT WARNING * * *
The quokka bites you.
* * * LOW HITPOINT WARNING * * *
It was a potion of berserk rage.
A red film seems to cover your vision as you go berserk!
You feel yourself moving faster!
You feel mighty! The quokka bites you.
You die...

.## #.....#.## #......## ..##
##....### ###.......# ...##
#....#####.......... #...###
#....##...#รท.......#
##....#####
##.......###......###
##.......###.......###.....###
#...............### #.##### ##
#.........[..#r## ### ###.
##.........###@# ##...
#........## #.# ##....
#.......## #.# ##....>
##......# #.# ##......
#.....## #.# #....... ###..##
#.# ##...... #...# #.# #......
#...# #.# ##..... #...# #.#
##....


You could see a quokka.

Vanquished Creatures
  A sky beast (D:4)
  A phantom (D:4)
  2 ogres (D:5)
  Blork the orc (D:5)
  2 scorpions (D:4)
  A bullfrog zombie (D:5)
  A crimson imp (D:4)
  A bullfrog skeleton (D:4)
  2 hounds
  2 jellies
  An orc wizard (D:5)
  3 worker ants
  Natasha (thrice) (D:4)
  An adder (D:3)
  2 oozes
  2 worms
  A dart slug (D:4)
  2 leopard geckos (D:2)
  6 orcs
  5 bats
  4 giant cockroaches
  4 goblins
  3 hobgoblins
  4 jackals (D:5)
  4 quokkas
  5 frilled lizards
  10 kobolds
  2 rats (D:2)
76 creatures vanquished.

Notes
Turn   | Place    | Note
-------+----------+-------------------------------------------
     0 | Abyss:1  | Faustar the Minotaur Abyssal Knight began the quest for the
                  | Orb.
     0 | Abyss:1  | Reached XP level 1. HP: 19/19 MP: 1/1
    55 | Abyss:1  | Noticed a smoke demon
    58 | D:1      | Escaped the Abyss
   696 | D:2      | Reached XP level 2. HP: 27/27 MP: 2/2
   785 | D:2      | Reached * piety under Lugonu
   918 | D:2      | Reached XP level 3. HP: 34/34 MP: 3/3
  1535 | D:3      | Found a shattered altar of Ashenzari.
  2039 | D:3      | Found a basalt altar of Yredelemnul.
  2056 | D:3      | Found a radiant altar of Vehumet.
  2295 | D:4      | Noticed a sky beast
  2312 | D:4      | Killed a sky beast
  2312 | D:4      | Reached skill level 5 in Fighting
  2312 | D:4      | Reached XP level 4. HP: 20/42 MP: 4/4
  2312 | D:4      | Reached XP level 5. HP: 23/48 MP: 5/5
  2454 | D:4      | Reached skill level 5 in Long Blades
  2499 | D:4      | Noticed Natasha
  2513 | D:4      | Killed Natasha
  2587 | D:4      | Noticed Natasha
  2597 | D:4      | Killed Natasha
  2597 | D:4      | Reached XP level 6. HP: 57/57 MP: 6/6
  2658 | D:4      | Noticed Natasha
  2665 | D:4      | Killed Natasha
  2896 | D:4      | Reached ** piety under Lugonu
  3070 | D:4      | Reached XP level 7. HP: 66/66 MP: 7/7
  3336 | D:5      | Entered Level 5 of the Dungeon
  3338 | D:5      | Noticed Blork the orc
  3350 | D:5      | Killed Blork the orc
  3448 | D:5      | Found a snail-covered altar of Cheibriados.
  3781 | D:5      | Found Poaw's Magic Scroll Boutique.
  3788 | D:5      | Bought a scroll of remove curse for 45 gold pieces
  3807 | D:5      | Found an iron altar of Okawaru.
  4032 | D:4      | HP: 3/69 [quokka (3)]
  4038 | D:4      | HP: 2/69 [quokka (2)]
  4039 | D:4      | Slain by a quokka

Skill      XL: |  1  2  3  4  5  6  7 |
---------------+----------------------+-----
Fighting       | 4 5 6 7 8 |  8.6
Long Blades    | 3 4 5 6 8 |  8.1
Throwing       | |  1.0
Armour         | |  2.4
Dodging        | |  1.1
Invocations    | |  2.0

Action                   |  1- 3 |  4- 6 |  7- 9 || total
-------------------------+-------+-------+-------++-------
Melee: Falchion          |   126 |    67 |    67 ||   260
       Headbutt          |    16 |    16 |    13 ||    45
Invok: Depart the Abyss  |     1 |       |       ||     1
  Use: Potion            |     1 |       |     1 ||     2
  Eat: Chunk             |     6 |     5 |     4 ||    15
Armor: Leather armour    |     5 |       |       ||     5
       Ring mail         |     6 |       |       ||     6
       Chain mail        |    47 |    41 |    16 ||   104
Dodge: Dodged            |    64 |    13 |    30 ||   107
Block: Other             |       |       |     1 ||     1
